Match 41063386
Unlisted

Match 41063386
End
Construct Barracks
Selects Special Operations Battlegroup
Riflemen Squad
Riflemen Squad
M1 Mortar Team
M1 Mortar Team
Selects M29 Weasel with M1 Pack Howitzer
Riflemen Squad
Jaremir
VvvV
cheezuscrust445
The101stAirBorne ITA
BamboneWertherone ITA
Capibimbambombolilalone ITA
0
0

Comments sign in to comment!

No comments posted yet!